 Dungeon Crawl Stone Soup version 0.29.0-13-gc9e81de378 (webtiles) character file.

Game seed: 16623242166879859527

550 casanoah the Insei (level 7, -7/53 HPs)
             Began as a Red Draconian Transmuter on Sept 9, 2022.
             Mangled by Blork the orc
             ... wielding a +0 scimitar
              (16 damage)
             ... on level 4 of the Dungeon.
             The game lasted 00:06:42 (4388 turns).

casanoah the Insei (Red Draconian Transmuter)       Turns: 4388, Time: 00:06:42

Health: -7/53      AC:  2    Str: 12      XL:     7   Next: 7%
Magic:  10/12      EV: 20    Int: 12 (14) God:
Gold:   203        SH:  0    Dex: 17 (18) Spells: 7/13 levels left

rFire   . . .      SeeInvis .     - Unarmed
rCold   . . .      Faith    .   (shield currently unavailable)
rNeg    + . .      Spirit   .   (body armour unavailable)
rPois   x          Reflect  .   (helmet currently unavailable)
rElec   .          Harm     .   (cloak currently unavailable)
rCorr   .          Rampage  .   (gloves currently unavailable)
Will    .....                   (boots currently unavailable)
Stlth   ++........              (no amulet)
HPRegen 0.17/turn               b - ring of flight
MPRegen 0.13/turn               n - ring of positive energy

@: spider-form, flying
A: venomous fangs, (breathe fire), AC +6, tiny, unfitting armour, (fire
resistance 1), (cold-blooded), deterioration 2
a: End Transformation


You were on level 4 of the Dungeon.
You were a venomous arachnid creature.
You visited 1 branch of the dungeon, and saw 4 of its levels.

You collected 203 gold pieces.

Inventory:

Missiles
 c - a throwing net
Armour
 d - a scarf of invisibility (melded)
Jewellery
 b - a ring of flight (left front leg)
 n - a ring of positive energy (right front leg)
 o - a ring of fire
Scrolls
 g - 2 scrolls of teleportation
 h - a scroll of enchant armour {unknown}
 i - 3 scrolls of immolation {unknown}
Potions
 a - 2 potions of lignification
 e - a potion of magic
 l - a potion of resistance {unknown}
 m - a potion of brilliance {unknown}
 p - a potion of invisibility
 q - a potion of ambrosia


   Skills:
 + Level 1.8 Fighting
 + Level 3.2 Dodging
 + Level 1.6 Stealth
 + Level 5.0 Unarmed Combat
 + Level 3.9 Spellcasting
 + Level 3.5 Transmutations
 + Level 0.7 Poison Magic


You had 7 spell levels left.
You knew the following spells:

 Your Spells              Type           Power      Damage    Failure   Level
a - Beastly Appendage     Tmut           20%        N/A       16%         1
b - Wereblood             Tmut           10%        N/A       21%         2
c - Spider Form           Tmut/Pois      7%         N/A       50%         3

Your spell library contained the following spells:

 Spells                   Type           Power      Damage    Failure   Level
 Dazzling Flash           Conj/Hex       4%         N/A       77%         3
 Ice Form                 Ice/Tmut       6%         N/A       87%         4
 Iskenderun's Mystic Bla  Conj/Tloc      2%         2d3       98%         4
 Agony                    Necr           2%         N/A       100%        5
 Silence                  Hex/Air        1%         N/A       100%        5
 Starburst                Conj/Fire      1%         6d3       100%        6


Dungeon Overview and Level Annotations

Branches:
Dungeon (4/15)
 Temple: D:4-7

Altars:

Annotations:
D:4 Blork the orc


Innate Abilities, Weirdness & Mutations

You are a venomous arachnid creature.
You have poisonous fangs.
You are tiny and dextrous.
Your spellcasting is less reliable in this form.
Your armour is entirely melded.
You are incapable of wielding weapons or throwing items.
((You can breathe blasts of fire.))
((Your fiery red scales are hard. (AC +6)))
You cannot fit into any form of body armour.
((Your flesh is heat resistant. (rF+)))
((You are cold-blooded and may be slowed by cold attacks.))
Your body often deteriorates upon taking damage.


Message History

Things that are here:
a +0 club; a goblin corpse You start waiting.
You have got your breath back.
You start waiting.
Done waiting.
Blork the orc comes into view.
He is wielding a +0 scimitar.
Blork the orc is nearby!
Blork the orc is nearby!
Blork the orc is nearby!
Blork the orc shouts!
Blork the orc looks satisfied for a moment.
Casting: Beastly Appendage (safe; 4% risk of failure)
Confirm with . or Enter, or press ? or * to list all spells.
You turn into a venomous arachnid creature.
Your scarf of invisibility melds into your body.
Blork the orc mumbles some strange words.
Blork the orc seems to speed up.
Blork the orc hits you with a +0 scimitar!
Blork the orc casts a spell at you. The puff of frost hits you!
You hit Blork the orc but do no damage. Blork the orc misses you.
You barely miss Blork the orc. Blork the orc casts a spell at you.
The puff of frost hits you!
Your body deteriorates!
You feel clumsy.
You hit Blork the orc.
Blork the orc is poisoned.
Blork the orc is lightly wounded.
Blork the orc hits you with a +0 scimitar.
Blork the orc hits you with a +0 scimitar!
* * * LOW HITPOINT WARNING * * *
Your body deteriorates!
You feel dopey.
You hit Blork the orc.
Blork the orc is moderately wounded.
Blork the orc completely misses you.
You hit Blork the orc.
Blork the orc looks as sick as possible!
Blork the orc is heavily wounded.
Blork the orc hits you with a +0 scimitar!
You die...

####.......)...#
#...........##.######
###
#.##.##.##.###.......
..#
#.##.##.##.......####
..# #.##.##.##.###.###
..# #.##.##.##.# #.. ..#
#####.##.##.##.# ...§
..# ##........)......
...♣P ..#
#..###.##s##.##.#P♣.~P)~
..# #.## #.##o# .# P~.~§
~g ..######.####.##.#
.~~~~.~~~ ~~
..........)....#.# ♣~
......##########.#
.....## ...
[...########...... P~
>............. ... ♣PP~
....##.#####.. ..♣
~~~≈≈≈~.~~♣


You could see Blork the orc (fast, extremely poisoned).

Vanquished Creatures
  Grinder (D:3)
  A black bear (D:2)
  A scorpion (D:4)
  Crazy Yiuf (D:3)
  6 adders
  4 gnolls (D:4)
  2 worms
  2 dart slugs (D:2)
  8 orcs
  8 ball pythons
  5 endoplasms
  4 giant cockroaches
  9 goblins
  8 hobgoblins
  3 jackals (D:3)
  3 kobolds
  4 quokkas
  2 bats (D:1)
  3 frilled lizards
  6 rats
81 creatures vanquished.

Vanquished Creatures (others)
  17 plants (D:4)
17 creatures vanquished.

Grand Total: 98 creatures vanquished

Notes
Turn   | Place    | Note
-------+----------+-------------------------------------------
     0 | D:1      | casanoah the Draconian Transmuter began the quest for the
                  | Orb.
     0 | D:1      | Reached XP level 1. HP: 16/16 MP: 3/3
   386 | D:1      | Reached XP level 2. HP: 20/23 MP: 3/5
  1260 | D:2      | Reached XP level 3. HP: 23/28 MP: 4/6
  1387 | D:2      | Learned a level 2 spell: Wereblood
  1391 | D:2      | Learned a level 3 spell: Spider Form
  1837 | D:2      | Found a faded altar of an unknown god.
  1847 | D:2      | Noticed a black bear
  1861 | D:2      | Killed a black bear
  1862 | D:2      | Reached skill level 4 in Unarmed Combat
  1862 | D:2      | Reached XP level 4. HP: 18/35 MP: 3/8
  1862 | D:2      | Reached XP level 5. HP: 20/40 MP: 3/9
  2567 | D:3      | Found a runed translucent door.
  2568 | D:3      | Noticed Crazy Yiuf
  2625 | D:3      | Noticed Grinder
  2653 | D:3      | Killed Grinder
  2654 | D:3      | Reached skill level 1 in Stealth
  2654 | D:3      | Reached XP level 6. HP: 16/47 MP: 3/11
  3503 | D:3      | Killed Crazy Yiuf
  3873 | D:4      | Gained mutation: Your body sometimes deteriorates upon
                  | taking damage. [potion of mutation]
  3873 | D:4      | Gained mutation: Your body often deteriorates upon taking
                  | damage. [potion of mutation]
  3880 | D:4      | Your scales start taking on a fiery red colour.
  3880 | D:4      | Reached XP level 7. HP: 34/53 MP: 7/12
  3880 | D:4      | Gained mutation: Your flesh is heat resistant. (rF+) [Red
                  | Draconian growth]
  4261 | D:4      | Reached skill level 5 in Unarmed Combat
  4378 | D:4      | Noticed Blork the orc
  4388 | D:4      | Mangled by Blork the orc

Illustrated notes

Levels and vault maps discovered:
D:1:      doesnt_arrival_eight_statues, layout_loops_corners
D:2:      layout_basic, shapermc_ecumenical_altar_totnotflames,
          minmay_fractal_squares_gapless_5
D:3:      layout_loops_cross, uniq_grinder, uniq_crazy_yiuf_cottage
D:4:      layout_basic, makhleb_blood_cavern_becter, grunt_dithmenos_smoke,
          serial_shops, shop, serial_bayou_lagoon_b, uniq_blork_the_orc

Skill      XL: |  1  2  3  4  5  6  7 |
---------------+----------------------+-----
Dodging        | 2 3 |  3.2
Unarmed Combat | 4 5 |  5.0
Spellcasting   | 3 |  3.9
Stealth        | 1 |  1.6
Transmutations | 3 |  3.5
Fighting       | |  1.8
Poison Magic   | |  0.7

Action                   |  1- 3 |  4- 6 |  7- 9 || total
-------------------------+-------+-------+-------++-------
Melee: Unarmed           |   102 |   118 |    16 ||   236
       Kick              |    12 |    24 |       ||    36
       Tailslap          |    11 |    14 |     2 ||    27
       Headbutt          |     7 |    13 |       ||    20
       Punch             |     1 |     3 |       ||     4
 Cast: Beastly Appendage |    20 |    21 |       ||    41
       Wereblood         |     2 |     4 |       ||     6
       Spider Form       |     1 |     5 |     1 ||     7
 Abil: Breathe Fire      |       |       |     2 ||     2
  Use: Scroll            |       |     6 |       ||     6
       Potion            |       |     3 |       ||     3
 Stab: Sleeping          |     2 |     5 |       ||     7
Armor: Skin              |    31 |    31 |     3 ||    65
Dodge: Dodged            |    62 |    62 |     9 ||   133
